Map: Jagannatha LE

Players

Astrea - Winner!

  • Race: Protoss Protoss
  • League: Master

Future

  • Race: Terran Terran

Event: DreamHack SC2 Masters 2021 Summer

VOD

Have the link to the VOD?

Description

Time

  • Played on: May 25, 2021, 3:10 p.m.
  • Length: 9:35

All games in this series

Show
View Real Time Build Order
Export as new Build Order

Astrea Protoss - Winner!

Build Orders: Blink Stalkers, Dark Templar Rush 

Get SALT Encoding   

  12  0:00  Probe  
  13  0:12  Probe  
  14  0:17  Pylon  
  14  0:24  Probe (Chrono Boost)  
  15  0:36  Probe (Chrono Boost)  
  15  0:37  Gateway  
  16  0:45  Probe (Chrono Boost)  
  16  0:46  Assimilator  
  17  0:51  Probe  
  18  1:03  Probe  
  19  1:15  Probe  
  20  1:25  Cybernetics Core  
  20  1:26  Zealot  
  20  1:32  Probe, Pylon  
  23  1:34  Assimilator  
  23  1:50  Probe  
  24  1:54  Pylon  
  24  1:59  Stalker (Chrono Boost)  
  24  2:02  Probe, Warp Gate  
  27  2:11  Shield Battery  
  27  2:14  Probe  
  28  2:19  Twilight Council  
  28  2:29  Stalker  
  30  2:32  Probe  
  32  2:44  Probe  
  32  2:52  Gateway  
  32  2:58  Dark Shrine  
  32  3:01  Probe  
  33  3:06  Stalker  
  36  3:26  Nexus  
  35  3:29  Probe  
  36  3:41  Probe  
  37  3:46  Pylon  
  37  3:53  Probe, Robotics Facility  
  37  3:55  Blink (Chrono Boost)  
  38  4:05  Probe  
  39  4:15  Dark Templar  
  41  4:19  Probe  
  42  4:31  Probe  
  43  4:38  Pylon  
  43  4:39  Probe  
  43  4:43  Probe  
  43  4:45  Observer (Chrono Boost)  
  46  4:51  Probe, Gateway  
  47  4:53  Gateway  
  47  4:55  Probe  
  48  5:03  Probe  
  49  5:07  Probe  
  49  5:10  Sentry  
  52  5:15  Probe  
  52  5:19  Warp Prism (Chrono Boost)  
  52  5:20  Probe, Pylon  
  56  5:28  Probe  
  57  5:32  Probe  
  56  5:39  Nexus  
  56  5:40  Probe  
  57  5:44  Probe  
  58  5:52  Probe  
  58  5:56  Probe  
  59  5:58  Assimilator  
  59  5:59  Assimilator  
  59  6:02  Robotics Bay  
  59  6:04  Probe  
  59  6:07  Pylon  
  59  6:08  Probe, Stalker  
  59  6:09  Stalker  
  65  6:16  Probe  
  66  6:20  Probe, Forge  
  67  6:26  Immortal (Chrono Boost)  
  67  6:28  Probe, Charge  
  67  6:32  Probe  
  73  6:40  Probe  
  73  6:44  Probe  
  73  6:46  Phoenix  
  75  6:51  Probe  
  75  6:52  Probe  
  77  6:56  Probe  
  77  6:57  Colossus (Chrono Boost), Extended Thermal Lance  
  77  7:00  Protoss Ground Weapons Level 1 (Chrono Boost)  
  84  7:03  Probe, Gateway x2  
  85  7:09  Gateway  
  85  7:12  Gateway  
  85  7:13  Probe  
  85  7:15  Sentry  
  88  7:18  Shield Battery  
  88  7:21  Pylon  
  88  7:25  Zealot  
  88  7:26  Zealot x2  
  94  7:35  Colossus (Chrono Boost)  
  98  7:44  Zealot  
  98  7:47  Zealot x3  
  106  7:59  Pylon x2  
  106  8:09  Nexus, Zealot  
  104  8:15  Zealot x4  
  104  8:19  Zealot x3  
  112  8:22  Colossus (Chrono Boost)  
  110  8:27  Pylon  
  110  8:29  Pylon  
  110  8:30  Pylon  
  102  8:36  Zealot x3  
  102  8:38  Zealot  
  102  8:43  Zealot x3  
  102  8:45  Zealot  
  108  8:48  Zealot  
  108  8:59  Zealot x3  
  114  9:08  Zealot x4  
  106  9:21  Stalker x4  
  113  9:32  Pylon  
Show
View Real Time Build Order
Export as new Build Order

Future Terran 

Build Orders:  

Get SALT Encoding   

  12  0:00  SCV  
  13  0:12  SCV  
  14  0:18  Supply Depot  
  14  0:28  SCV  
  15  0:40  Barracks  
  15  0:53  Barracks  
  15  0:56  SCV  
  16  1:08  SCV  
  17  1:20  SCV  
  17  1:21  Refinery  
  18  1:27  Marine  
  18  1:32  Orbital Command  
  19  1:35  Supply Depot  
  19  1:41  Marine  
  19  1:45  Marine  
  21  1:54  Bunker  
  21  1:59  SCV, Marine  
  23  2:02  Marine  
  24  2:11  SCV  
  25  2:23  SCV, Factory  
  26  2:34  Supply Depot  
  26  2:35  SCV  
  27  2:47  SCV  
  28  2:58  Command Center  
  28  2:59  SCV  
  29  3:07  Factory Tech Lab  
  29  3:10  Refinery  
  29  3:11  SCV  
  30  3:18  Starport  
  30  3:23  SCV  
  31  3:32  Marine  
  32  3:35  SCV  
  32  3:41  Bunker, Supply Depot  
  33  3:44  Siege Tank  
  33  3:48  SCV  
  37  3:55  Engineering Bay, Marine  
  38  4:00  SCV  
  39  4:03  Viking  
  41  4:12  SCV  
  41  4:15  Orbital Command  
  42  4:20  Barracks Reactor  
  43  4:24  SCV  
  43  4:27  Missile Turret  
  43  4:32  Missile Turret  
  43  4:36  SCV  
  43  4:37  Orbital Command  
  44  4:43  Siege Tank  
  47  4:48  SCV  
  48  4:56  Marine x2  
  48  4:57  Bunker  
  50  5:03  SCV  
  50  5:04  SCV  
  52  5:13  Barracks  
  53  5:16  Missile Turret  
  53  5:17  SCV x2  
  53  5:20  Marine  
  54  5:29  SCV x2  
  54  5:36  Marine  
  54  5:38  Marine  
  54  5:39  Terran Infantry Weapons Level 1, Supply Depot  
  54  5:41  SCV x2  
  58  5:45  Supply Depot  
  58  5:48  Factory Tech Lab  
  58  5:53  SCV x2  
  58  5:54  Refinery, Marine  
  58  5:56  Marine  
  62  5:58  Barracks  
  62  5:59  Starport Reactor  
  62  6:04  Supply Depot  
  62  6:05  SCV  
  62  6:07  SCV  
  64  6:14  Stimpack  
  64  6:15  Marauder, Marine  
  64  6:17  Marine  
  66  6:21  Factory Tech Lab  
  66  6:22  SCV  
  66  6:24  SCV  
  68  6:30  Supply Depot  
  68  6:32  Supply Depot  
  68  6:35  Marine  
  68  6:36  Marauder  
  69  6:42  SCV  
  67  6:51  Siege Tank  
  71  6:55  Medivac x2  
  71  6:57  Marine  
  71  6:58  Marine  
  78  7:02  Marauder  
  78  7:05  Marauder  
  80  7:12  Supply Depot  
  80  7:13  Supply Depot  
  80  7:17  SCV x2  
  80  7:18  Marine  
  80  7:20  Refinery  
  80  7:21  Marine  
  84  7:24  Marauder  
  84  7:27  Marauder  
  88  7:33  Siege Tank  
  88  7:35  SCV  
  88  7:36  SCV  
  92  7:42  Supply Depot  
  92  7:43  Supply Depot  
  92  7:45  Marine x2  
  92  7:46  Marauder  
  92  7:48  Marauder  
  98  8:02  Viking x2  
  98  8:05  Siege Tank  
  103  8:12  SCV  
  103  8:17  SCV  
  98  8:20  Marauder, Marine x2  
  98  8:21  Marine  
  98  8:25  SCV  
  84  8:35  SCV  
  84  8:37  SCV, Siege Tank  
  84  8:38  Marine x3  
  88  8:42  Marauder  
  88  8:47  SCV  
  91  8:48  Viking  
  91  8:49  SCV  
  90  8:59  SCV  
  90  9:01  SCV  
  92  9:03  Marauder  
  92  9:04  Marine x2  
  92  9:06  Barracks Tech Lab  
  94  9:15  SCV x2  
Tags
 
Add a new tag
Caveats
  • Supply blocks, unpowered buildings, or Contaminate may cause inaccurate times.
  • Supply counts are checked every 10 seconds.